 Dungeon Crawl Stone Soup version 0.28.0 (webtiles) character file.

Game seed: 9413483876075739003

220 AmazingTV the Vandal (level 5, 0/27 HPs)
             Began as a Spriggan Hunter on Mar 23, 2024.
             Slain by an iguana (14 damage)
             ... on level 3 of the Dungeon.
             The game lasted 00:10:00 (3140 turns).

AmazingTV the Vandal (Spriggan Hunter)              Turns: 3140, Time: 00:10:01

Health: 0/27       AC:  2    Str: 10    XL:     5   Next: 64%
Magic:  6/6        EV: 18    Int: 12    God:
Gold:   150        SH:  0    Dex: 16    Spells: 4/4 levels left

rFire   . . .      SeeInvis +   b - +0 short sword {short}
rCold   + . .      Faith    .   (no shield)
rNeg    . . .      Spirit   .   c - +0 robe
rPois   .          Reflect  .   (helmet restricted)
rElec   .          Harm     .   (no cloak)
rCorr   .          Rampage  .   (gloves unavailable)
Will    .....                   (boots unavailable)
Stlth   +++.......              (no amulet)
HPRegen 0.09/turn               q - ring of protection from cold
MPRegen 0.10/turn               (no ring)

@: very quick
A: very small, no large weapons, unfitting armour, see invisible, speed 3
a: no special abilities


You were on level 3 of the Dungeon.
You visited 1 branch of the dungeon, and saw 4 of its levels.

You collected 150 gold pieces.


Innate Abilities, Weirdness & Mutations

You are very small and have problems with some larger weapons.
You are too small for most types of armour.
You have supernaturally acute eyesight. (SInv)
You cover ground extremely quickly. (Speed+++)


   Skills:
 + Level 2.5 Fighting
 + Level 2.3 Short Blades
 + Level 5.7 Slings
 + Level 4.2 Dodging
 + Level 4.2 Stealth


You had 4 spell levels left.
You didn't know any spells.
Your spell library contained the following spells:

 Spells                   Type           Power      Damage    Failure   Level
 Beastly Appendage        Tmut           0%         N/A       32%         1
 Wereblood                Tmut           0%         N/A       45%         2
 Call Canine Familiar     Summ           0%         N/A       69%         3
 Portal Projectile        Hex/Tloc       0%         N/A       69%         3
 Spider Form              Tmut/Pois      0%         N/A       69%         3
 Leda's Liquefaction      Hex/Erth       0%         N/A       97%         4

Inventory:

Hand Weapons
 a - a +1 hunting sling {sling}
 b - a +0 short sword (weapon) {short}
 r - a +0 morningstar of protection {mace}
   (You took it off an orc on level 2 of the Dungeon)
 u - a +2 hand axe of freezing {axe}
   (You took it off an orc on level 3 of the Dungeon)
Missiles
 d - 40 sling bullets
 h - 8 poisoned darts (quivered)
 j - 120 stones
 n - 26 arrows
 o - 5 atropa-tipped darts
 x - a throwing net {=f!f}
Armour
 c - a +0 robe (worn)
Jewellery
 q - a ring of protection from cold (left hand)
   (You took it off a hobgoblin on level 2 of the Dungeon)
Scrolls
 f - a scroll of brand weapon {unknown}
 g - 2 scrolls of identify {@r1}
 i - a scroll of blinking {unknown}
 k - a scroll of magic mapping {unknown}
 m - a scroll of silence {unknown}
 p - a scroll of teleportation {unknown}
 s - 2 scrolls of vulnerability {unknown}
 t - a scroll of torment {unknown}
 w - a scroll of fog {unknown}
Potions
 e - a potion of curing {@q1}
 l - a potion of invisibility {unknown}
 v - a potion of lignification {unknown}

Dungeon Overview and Level Annotations

Branches:
Dungeon (4/15)
 Temple: D:4-7

Altars:
Qazlal
Wu Jian

Shops:
D:2

[ ....# ### # ....# #.#### #
....##### ##....# # ........##
##..##.# #
...####..####..###.# #
....####...§..## #.# #####
.....# #####..####.###
####.... .....#
#...l.#...#####..S.##. ...#.#
#######@###.......#####.
..##.#####.....##S.#......##
#S ####.............#S.....>.#
#. ##.#....≈≈.....#.......# #S
#..#....≈≈.....#.......# #.
#.#.........♣♣..#......######.
#.#..##....÷♣♣..#..÷...[....#.
#....##.._)....).......####.S.
###.............#..##### #...


You could see an iguana and 2 adders.


Message History

A kobold and an adder come into view.
The kobold shouts!
The adder hisses angrily.
The adder bites you. 😕 HP[-4]
You take 4 damage, and now have 23/27 hp.
You barely miss the adder. The adder misses you. x2
a - a +1 hunting sling (weapon)
{sling} 😕 HP[+1]
You shoot a sling bullet. The sling bullet misses the adder.
The sling bullet barely misses the kobold.
An adder comes into view.
You shoot a sling bullet.
The sling bullet barely misses the adder.
The sling bullet hits the kobold.
You kill the kobold!
The adder misses you.
You shoot a sling bullet.
The sling bullet barely misses the adder.
The adder bites you.
You are poisoned.
The adder poisons you! 😕 HP[-1]
You take 1 damage, and now have 23/27 hp.
You feel sick. 😕 HP[-2]
You take 2 damage, and now have 21/27 hp.
You shoot a sling bullet.
The sling bullet closely misses the adder.
You feel sick. 😮 HP[-1]
You take 1 damage, and now have 20/27 hp.
You feel sick. 😮 HP[-1]
You take 1 damage, and now have 19/27 hp.
You feel sick. 😮 HP[-1]
You take 1 damage, and now have 18/27 hp.
You are too injured to fight recklessly!
You feel sick.
You feel sick. 😮 HP[-1]
You take 1 damage, and now have 17/27 hp.
You feel sick.
You are no longer poisoned. 😮 HP[-1]
You take 1 damage, and now have 16/27 hp.
You are too injured to fight recklessly!
Fire: 41 sling bullets
Press: ? - help, Q - select action, (/) - cycle Shift-Dir - straight line, f/p - adder
Aim: an adder (48% to hit)
You shoot a sling bullet. The sling bullet misses the adder.
The sling bullet hits the adder.
An iguana comes into view.
The iguana hisses angrily.
There is a stone staircase leading up here.
You climb upwards.
There is a stone staircase leading down here. 😮 HP[+1]
b - a +0 short sword (weapon)
{short} You see here a +0 short sword {short}. 😮 HP[+1]
You see here a +0 club {mace}.
There is a stone staircase leading down here.
You climb downwards.
There is a stone staircase leading up here. 😮 HP[+1]
The adder bites you.
You are poisoned.
The adder poisons you! The adder barely misses you. The iguana misses you.
You climb upwards.
You feel sick.
There is a stone staircase leading down here. 😮 HP[-5]
You take 5 damage, and now have 14/27 hp.
Unknown command.
Unknown command.
You feel sick. 😨 HP[-1]
You take 1 damage, and now have 13/27 hp.
You feel sick.
You are no longer poisoned. 😨 HP[-1]
You take 1 damage, and now have 12/27 hp. 😨 HP[+1]
Things that are here:
a +0 scale mail; a +0 trident {polearm}; an orc skeleton The iguana hisses angrily.
You see here a hobgoblin skeleton. 😮 HP[+1] Really walk into that dispersal trap?
You enter a dispersal trap!
You blink.
Really walk into that dispersal trap?
You enter a dispersal trap!
The iguana blinks!
The adder blinks!
You blink.
You barely miss the adder.
The adder hisses angrily.
The adder bites you but does no damage.
You hit the iguana but do no damage. The iguana bites you!
Ouch! That really hurt!
You die...

Skill      XL: |  1  2  3  4  5 |
---------------+----------------+-----
Stealth        | 2 3 4 |  4.2
Dodging        | 3 4 |  4.2
Slings         | 5 |  5.7
Short Blades   | 1 2 |  2.3
Fighting       | 2 |  2.5

Action                   |  1- 3 |  4- 6 || total
-------------------------+-------+-------++-------
Melee: Short sword       |    16 |    68 ||    84
 Fire: Hunting sling     |   100 |    77 ||   177
  Use: Scroll            |       |     1 ||     1
 Stab: Sleeping          |     1 |     4 ||     5
Armor: Robe              |     7 |     3 ||    10
Dodge: Dodged            |    27 |    60 ||    87

Levels and vault maps discovered:
D:1:      lemuel_arrival_tunnels, layout_basic, shapermc_ecumenical_altar_venn
D:2:      layout_rooms, serial_shops, shop_coins, basic_altar,
          minmay_misc_feat_room
D:3:      layout_rooms, nicolae_wu_jian_wuxing_cycle
D:4:      layout_loops_ring, minmay_temple_entry_junction,
          uniq_crazy_yiuf_cottage, uniq_natasha, uniq_edmund

Notes
Turn   | Place    | Note
-------+----------+-------------------------------------------
     0 | D:1      | AmazingTV the Spriggan Hunter began the quest for the Orb.
     0 | D:1      | Reached XP level 1. HP: 10/10 MP: 2/2
     0 | D:1      | magus.rc [v1.9.6]
   144 | D:1      | Found a faded altar of an unknown god.
   267 | D:1      | Reached skill level 2 in Stealth
   334 | D:1      | Reached XP level 2. HP: 15/15 MP: 3/3
   339 | D:1      | Reached skill level 3 in Dodging
   342 | D:1      | Reached skill level 5 in Slings
   416 | D:1      | Reached skill level 1 in Short Blades
   425 | D:1      | You pick up a book of the Hunter and begin reading...
   425 | D:1      | You add the spells Call Canine Familiar, Portal Projectile
                  | and Leda's Liquefaction to your library.
   563 | D:1      | Reached XP level 3. HP: 18/18 MP: 4/4
   968 | D:2      | Reached skill level 2 in Fighting
  1012 | D:2      | Found Zyb Rawa's Antique Armour Boutique.
  1090 | D:2      | You pick up a book of Changes and begin reading...
  1090 | D:2      | You add the spells Beastly Appendage, Wereblood and Spider
                  | Form to your library.
  1139 | D:2      | Found a stormy altar of Qazlal.
  1142 | D:2      | Reached skill level 3 in Stealth
  1154 | D:2      | Reached XP level 4. HP: 23/23 MP: 5/5
  1753 | D:3      | Found an ornate altar of the Wu Jian Council.
  1958 | D:3      | Reached skill level 2 in Short Blades
  2192 | D:3      | Reached XP level 5. HP: 27/27 MP: 6/6
  2238 | D:3      | Noticed a phantom
  2290 | D:3      | Killed a phantom
  2291 | D:3      | Reached skill level 4 in Dodging
  2291 | D:3      | Reached skill level 4 in Stealth
  3140 | D:3      | Slain by an iguana

Vanquished Creatures
  A phantom (D:3)
  3 gnolls (D:3)
  4 adders
  A dart slug (D:1)
  6 orcs
  3 ball pythons
  6 endoplasms
  7 giant cockroaches
  5 goblins
  6 hobgoblins
  4 jackals (D:2)
  7 kobolds
  2 quokkas (D:3)
  10 bats
  4 frilled lizards
  6 rats
75 creatures vanquished.

Table legend:
 A = Non-vault XP
 B = Vault XP
 C = Vault XP percentage of total XP
 D = Non-vault monster count
 E = Vault monster count
 F = Vault count percentage of total count
                 A         B        C        D         E       F
            +---------+---------+-------+---------+---------+-------
      Total |     315 |       0 |   0.0 |      75 |       0 |   0.0
            +---------+---------+-------+---------+---------+-------
        D:1 |      49 |       0 |   0.0 |      27 |       0 |   0.0
        D:2 |      70 |       0 |   0.0 |      21 |       0 |   0.0
        D:3 |     194 |       0 |   0.0 |      25 |       0 |   0.0
        D:4 |       2 |       0 |   0.0 |       2 |       0 |   0.0
            +---------+---------+-------+---------+---------+-------

Illustrated notes

Table legend:
 A = Kills in this place as a percentage of kills in entire the game.
 B = Kills by you in this place as a percentage of kills by you in the entire game.
 C = Kills by friends in this place as a percentage of kills by friends in the entire game.
 D = Other kills in this place as a percentage of other kills in the entire game.
 E = Experience gained in this place as a percentage of experience gained in the entire game.
 F = Experience gained in this place divided by the number of levels of this place that you have seen.
                   A       B       C       D       E      F
               +-------+-------+-------+-------+-------+----------------------
         Total | 100.0 | 100.0 |   N/A |   N/A | 100.0 |  78.8
       Dungeon | 100.0 | 100.0 |   N/A |   N/A | 100.0 |  78.8
               +-------+-------+-------+-------+-------+----------------------

Table legend: (Time is in decaauts)
 A = Elapsed time spent in this place.
 B = Non-inter-level travel time spent in this place.
 C = Inter-level travel time spent in this place.
 D = Time resting spent in this place.
 E = Time spent auto-exploring this place.
 F = Levels seen in this place.
 G = Mean time per level.
                   A        B        C        D        E       F      G
               +--------+--------+--------+--------+--------+-----+--------+
         Total |   2351 |   2265 |     86 |    656 |   1058 |   4 |  587.8 |
       Dungeon |   2351 |   2265 |     86 |    656 |   1058 |   4 |  587.8 |
               +--------+--------+--------+--------+--------+-----+--------+

Top non-repeatable levels by time:
     D:3: 1191 daAuts
     D:1: 606 daAuts
     D:2: 493 daAuts
     D:4: 60 daAuts
